Map: Heavy Artillery LE

Players

Josh - Winner!

  • Race: Protoss Protoss
  • Spawn Location: 3:00

ЮХА - Winner!

  • Race: Zerg Zerg
  • League: Platinum
  • Spawn Location: 1:00

Massa

  • Race: Terran Terran
  • League: Gold
  • Spawn Location: 7:00

qqq

  • Race: Zerg Zerg
  • League: Platinum
  • Spawn Location: 7:00

VOD

Have the link to the VOD?

Description

Time

  • Played on: May 30, 2020, 8:36 a.m.
  • Length: 15:05
Show
View Real Time Build Order
Export as new Build Order

Josh Protoss - Winner!

Build Orders: Oracle Opening, Carriers 

Get SALT Encoding   

  12  0:01  Probe (Chrono Boost)  
  13  0:26  Probe  
  14  0:37  Pylon  
  14  0:39  Probe  
  15  0:55  Probe  
  16  1:00  Gateway, Assimilator  
  16  1:07  Probe (Chrono Boost)  
  17  1:17  Probe (Chrono Boost)  
  18  1:27  Probe  
  19  1:38  Gateway  
  19  1:39  Probe  
  20  1:49  Cybernetics Core  
  20  1:52  Probe  
  21  1:55  Pylon  
  21  1:57  Assimilator  
  21  2:04  Probe  
  22  2:25  Adept  
  22  2:26  Adept  
  22  2:27  Warp Gate  
  26  2:38  Probe  
  26  2:42  Stargate  
  26  2:43  Nexus  
  27  2:50  Probe (Chrono Boost)  
  28  3:02  Probe (Chrono Boost)  
  29  3:10  Probe (Chrono Boost)  
  30  3:14  Twilight Council  
  30  3:17  Probe  
  31  3:21  Pylon  
  31  3:34  Probe  
  28  3:44  Oracle  
  31  3:56  Pylon  
  31  4:01  Shield Battery  
  31  4:05  Stargate  
  31  4:15  Adept x2  
  35  4:43  Void Ray (Chrono Boost)  
  35  4:44  Adept x2  
  39  5:04  Adept x2  
  43  5:15  Void Ray  
  43  5:20  Assimilator  
  47  5:22  Probe x2 (Chrono Boost)  
  47  5:24  Assimilator  
  47  5:26  Pylon  
  47  5:28  Pylon  
  47  5:32  Probe x2 (Chrono Boost)  
  49  5:36  Probe (Chrono Boost)  
  49  5:37  Probe (Chrono Boost)  
  52  5:51  Probe (Chrono Boost)  
  52  5:52  Probe (Chrono Boost)  
  53  6:03  Probe (Chrono Boost), Fleet Beacon  
  54  6:06  Probe (Chrono Boost)  
  54  6:09  Void Ray (Chrono Boost)  
  55  6:12  Probe  
  55  6:17  Shield Battery  
  60  6:18  Probe (Chrono Boost)  
  60  6:19  Pylon  
  65  6:26  Void Ray (Chrono Boost)  
  65  6:30  Probe (Chrono Boost)  
  65  6:32  Probe (Chrono Boost)  
  67  6:44  Pylon  
  73  7:00  Carrier (Chrono Boost)  
  79  7:23  Carrier (Chrono Boost)  
  79  7:25  Pylon  
  66  7:54  Stargate  
  66  8:04  Carrier  
  72  8:13  Cybernetics Core  
  72  8:15  Forge  
  72  8:20  Gateway  
  72  8:21  Probe (Chrono Boost)  
  72  8:24  Gateway  
  72  8:25  Gateway, Nexus  
  72  8:26  Probe (Chrono Boost)  
  74  8:28  Protoss Air Weapons Level 1 (Chrono Boost)  
  74  8:29  Templar Archives, Pylon  
  74  8:31  Pylon  
  74  8:32  Probe (Chrono Boost)  
  76  8:35  Probe (Chrono Boost)  
  76  8:36  Probe (Chrono Boost)  
  76  8:39  Void Ray  
  81  8:54  Charge (Chrono Boost)  
  87  8:58  Carrier (Chrono Boost)  
  87  9:05  Pylon  
  87  9:08  Probe x2  
  89  9:15  Psionic Storm  
  89  9:32  Carrier (Chrono Boost)  
  89  9:36  Protoss Air Armor Level 1 (Chrono Boost)  
  95  9:40  Probe x2  
  95  9:43  Photon Cannon  
  97  9:53  Assimilator  
  97  9:55  Assimilator  
  97  10:00  Probe  
  97  10:01  Shield Battery  
  97  10:02  Shield Battery  
  104  10:26  High Templar  
  104  10:28  Carrier (Chrono Boost)  
  106  10:29  High Templar  
  106  10:35  Probe (Chrono Boost)  
  111  10:40  Probe x2 (Chrono Boost)  
  111  10:45  Probe (Chrono Boost)  
  111  10:49  Probe (Chrono Boost)  
  119  10:50  Carrier (Chrono Boost)  
  119  10:52  Sentry  
  121  10:58  Probe x2  
  121  11:01  Gateway  
  121  11:02  Gateway  
  123  11:05  Carrier (Chrono Boost)  
  129  11:11  Protoss Shields Level 1 (Chrono Boost)  
  129  11:21  High Templar  
  130  11:33  Zealot  
  132  11:47  Pylon  
  132  11:48  Pylon  
  132  11:49  Pylon  
  132  11:51  Pylon  
  132  11:56  Pylon  
  132  11:58  Pylon  
  132  12:06  Protoss Air Weapons Level 2 (Chrono Boost)  
  138  12:13  Protoss Air Armor Level 2 (Chrono Boost)  
  138  12:22  Photon Cannon, Carrier (Chrono Boost)  
  144  12:40  Nexus  
  144  12:41  Carrier (Chrono Boost), Pylon  
  144  12:43  Assimilator  
  144  12:47  Assimilator  
  144  12:51  Carrier (Chrono Boost), Pylon  
  150  13:02  Pylon  
  150  13:05  Pylon  
  150  13:11  Oracle  
  153  13:15  Shield Battery  
  153  13:17  Shield Battery  
  153  13:18  Photon Cannon  
  153  13:21  Pylon  
  153  13:28  Probe (Chrono Boost)  
  153  13:33  Probe x2 (Chrono Boost)  
  156  13:35  Carrier  
  156  13:39  Probe (Chrono Boost)  
  165  13:42  High Templar  
  165  13:43  Probe x2 (Chrono Boost)  
  165  13:44  Probe (Chrono Boost)  
  168  13:52  Probe  
  168  13:53  Probe  
  168  13:55  Probe  
  171  14:04  Probe  
  171  14:05  Probe  
  171  14:07  Probe  
  171  14:08  Probe  
  175  14:17  Probe x2  
  176  14:19  Probe  
  187  14:52  Stargate  
  187  14:53  Stargate  
Show
View Real Time Build Order
Export as new Build Order

ЮХА Zerg - Winner!

Build Orders: Hatch First, Zergling Baneling 

Get SALT Encoding   

  12  0:01  Drone  
  13  0:13  Overlord  
  13  0:16  Drone  
  14  0:33  Drone x2  
  16  0:35  Drone  
  17  0:53  Hatchery  
  16  0:57  Drone  
  16  0:59  Drone  
  18  1:13  Extractor  
  18  1:15  Spawning Pool  
  16  1:18  Drone  
  16  1:20  Drone  
  18  1:28  Drone  
  19  1:39  Overlord  
  19  2:02  Queen  
  19  2:05  Queen  
  19  2:06  Zergling x6  
  26  2:11  Drone  
  26  2:14  Metabolic Boost  
  27  2:16  Drone  
  27  2:22  Drone  
  29  2:29  Drone  
  30  2:37  Overlord  
  30  2:40  Queen  
  30  2:41  Drone  
  30  2:44  Drone  
  34  2:49  Overlord  
  34  2:56  Drone  
  35  3:02  Drone  
  36  3:14  Baneling Nest  
  36  3:15  Overlord  
  36  3:16  Queen  
  36  3:17  Drone x2  
  39  3:21  Extractor  
  39  3:23  Drone  
  39  3:26  Overlord  
  38  3:34  Zergling x2  
  38  3:41  Zergling x2  
  38  3:42  Zergling x2  
  38  3:43  Zergling x4  
  41  3:51  Spine Crawler  
  41  3:53  Zergling x8  
  44  3:56  Zergling x4  
  44  3:58  Baneling  
  44  3:59  Baneling  
  46  4:05  Zergling x2  
  46  4:07  Zergling x2  
  48  4:15  Zergling x2  
  49  4:18  Spine Crawler, Zergling x4  
  49  4:19  Zergling x2  
  49  4:20  Zergling x2  
  45  4:30  Zergling x4  
  42  4:38  Zergling x2  
  39  4:41  Zergling x2  
  40  4:46  Zergling x2  
  39  4:54  Zergling x8  
  39  4:56  Baneling x3  
  39  4:57  Baneling x3  
  43  5:00  Zergling x2  
  44  5:10  Zergling x2  
  44  5:11  Zergling x2  
  46  5:16  Spine Crawler  
  46  5:18  Drone x3  
  48  5:21  Spine Crawler  
  43  5:39  Zergling x2  
  43  5:40  Zergling x6  
  47  5:48  Drone x5  
  48  5:58  Queen  
  48  6:00  Lair  
  48  6:02  Drone  
  48  6:03  Overlord  
  51  6:30  Drone  
  51  6:31  Drone x3  
  55  6:33  Drone  
  55  6:38  Zergling x2  
  55  6:39  Zergling x2  
  58  6:40  Baneling x4  
  58  6:53  Hatchery  
  57  6:57  Zergling x4  
  57  6:58  Overlord x3  
  59  7:11  Overlord x5  
  59  7:16  Queen  
  55  7:32  Zergling x6  
  52  7:40  Zergling x6  
  52  7:42  Zergling x4  
  54  7:46  Zergling x4  
  47  8:04  Extractor  
  46  8:06  Hatchery  
  46  8:10  Infestation Pit  
  46  8:11  Extractor  
  43  8:16  Drone x2  
  43  8:18  Drone x3  
  48  8:23  Zergling x6  
  48  8:25  Baneling  
  48  8:26  Baneling x13  
  51  8:30  Drone  
  51  8:33  Queen  
  54  8:35  Queen  
  56  8:45  Drone x5  
  61  8:50  Drone  
  61  8:51  Centrifical Hooks  
  61  8:54  Zergling x2  
  63  9:02  Zergling x2  
  64  9:03  Zergling x2  
  64  9:04  Zergling x4  
  64  9:05  Zergling x2  
  64  9:09  Pneumatized Carapace  
  68  9:16  Hive  
  68  9:21  Extractor  
  68  9:22  Extractor  
  66  9:26  Queen  
  66  9:29  Drone x5  
  73  9:38  Drone  
  73  9:39  Drone  
  73  9:44  Evolution Chamber  
  74  9:46  Drone x3, Evolution Chamber  
  74  9:47  Drone x3  
  74  9:48  Drone x2  
  74  9:52  Queen  
  83  9:54  Zergling x4  
  85  10:08  Drone  
  85  10:09  Drone x2  
  85  10:10  Drone x2, Spine Crawler x2  
  85  10:11  Drone  
  85  10:13  Zerg Melee Weapons Level 1  
  89  10:15  Zerg Ground Armor Level 1  
  89  10:22  Overlord x2  
  89  10:23  Zergling x2  
  89  10:24  Zergling x8  
  94  10:32  Zergling x10  
  99  10:41  Hatchery  
  98  10:44  Ultralisk Cavern  
  98  10:45  Pathogen Glands  
  98  10:46  Infestor x2  
  98  10:49  Zergling x6  
  104  10:50  Baneling x2  
  104  10:51  Baneling x2  
  104  10:52  Baneling x2  
  104  11:01  Spire  
  103  11:06  Drone x6  
  103  11:07  Drone  
  103  11:09  Zergling x2  
  103  11:10  Zergling x2  
  112  11:16  Queen  
  114  11:21  Queen  
  114  11:23  Overlord x2  
  116  11:27  Adrenal Glands  
  116  11:30  Zergling x4  
  116  11:31  Zergling x2  
  119  11:33  Zergling x2  
  119  11:34  Zergling x2  
  119  11:39  Chitinous Plating  
  121  11:44  Baneling x5  
  121  11:45  Baneling x2  
  121  11:56  Drone x3  
  121  11:57  Drone x7  
  121  11:58  Drone x3  
  134  12:04  Extractor  
  134  12:05  Extractor  
  132  12:12  Zerg Melee Weapons Level 2  
  132  12:13  Zerg Ground Armor Level 2  
  132  12:30  Ultralisk  
  132  12:31  Ultralisk x2  
  150  12:50  Ultralisk x3  
  168  12:53  Zerg Flyer Weapons Level 1  
  165  13:13  Overlord  
  165  13:14  Overlord x7  
  165  13:15  Overlord  
  165  13:17  Overseer x3  
  165  13:20  Anabolic Synthesis  
  165  13:40  Zergling x6  
  165  13:41  Zergling x34  
  178  13:42  Zergling x2  
  186  13:48  Hatchery  
  185  14:06  Infestor x3  
  185  14:07  Infestor x4  
  173  14:25  Zergling x2  
  173  14:26  Zergling x30  
  149  14:37  Zergling x8  
  149  14:38  Zergling x4  
Show
View Real Time Build Order
Export as new Build Order

Massa Terran 

Build Orders:  

Get SALT Encoding   

  13  0:07  SCV  
  13  0:14  Supply Depot  
  13  0:21  SCV  
  14  0:36  Barracks  
  14  0:37  SCV  
  16  0:50  SCV  
  16  1:02  SCV  
  17  1:14  SCV  
  18  1:24  Supply Depot  
  18  1:33  SCV  
  18  1:39  Marine  
  20  1:45  SCV  
  21  1:51  Refinery  
  21  1:54  Barracks  
  21  1:57  Barracks, Marine  
  21  1:59  Barracks  
  22  2:04  Supply Depot  
  22  2:08  Supply Depot  
  22  2:15  Marine  
  23  2:29  Orbital Command  
  23  2:32  Marine  
  23  2:43  Marine  
  23  2:44  Marine  
  24  2:46  Marine  
  24  2:50  Marine  
  27  3:01  Marine  
  27  3:02  Barracks Tech Lab  
  27  3:05  Marine  
  29  3:08  Marine  
  30  3:18  Marine  
  31  3:22  Marine  
  31  3:26  Marine  
  33  3:39  Marauder, Marine  
  33  3:40  Marine  
  37  3:44  Marine  
  38  3:51  SCV  
  39  3:57  Marine  
  39  4:00  Marauder, Supply Depot  
  42  4:02  Factory  
  42  4:03  Supply Depot  
  42  4:04  Marine  
  42  4:05  Marine  
  44  4:21  Marauder  
  46  4:36  Marine x3  
  43  4:43  Marauder  
  40  4:53  Marine  
  40  4:54  Marine x2  
  43  5:04  Marauder  
  45  5:09  Factory Tech Lab  
  45  5:11  Marine x3  
  48  5:26  Marauder  
  40  5:29  Marine  
  36  5:37  Siege Tank  
  36  5:47  Marauder  
  38  5:54  Marine x3  
  41  6:03  Engineering Bay  
  41  6:08  Marauder  
  43  6:11  Marine  
  43  6:12  Marine x2  
  46  6:19  Command Center  
  46  6:30  Marauder  
  46  6:32  Missile Turret  
  48  6:39  Missile Turret  
  48  6:43  Missile Turret  
  48  6:51  Marauder  
  48  6:53  Missile Turret  
  50  7:00  Missile Turret  
  50  7:12  Marauder  
  52  7:17  SCV, Missile Turret  
  53  7:29  SCV  
  44  7:41  SCV  
  39  7:44  Marine  
  39  7:45  Marine x3  
  33  7:53  SCV  
  33  7:57  Siege Tank  
  35  8:02  Marine  
  35  8:03  Orbital Command, Marine x3  
  35  8:05  SCV  
  40  8:12  Stimpack  
  40  8:17  SCV  
  41  8:20  Refinery, Marine  
  41  8:21  Marine x2  
  41  8:22  Marauder  
  41  8:24  Terran Infantry Weapons Level 1  
  46  8:39  Marine  
  46  8:40  Marine x2  
  49  8:43  Marauder  
  49  8:45  SCV x2  
  53  8:57  SCV x2, Marine x2  
  53  8:58  Marine  
  58  9:04  Armory, Marauder  
  58  9:09  SCV  
  61  9:11  SCV  
  61  9:16  Refinery  
  62  9:17  Refinery  
  62  9:19  Barracks Reactor  
  62  9:21  Barracks Reactor, SCV  
  62  9:22  Marine  
  62  9:23  SCV  
  65  9:32  Supply Depot  
  65  9:33  SCV  
  65  9:35  SCV  
  67  9:40  Marine  
  68  9:46  Supply Depot  
  68  9:55  Supply Depot  
  68  9:58  Marine  
  71  10:00  Marauder, Marine x4  
  75  10:13  Thor  
  81  10:15  Marine  
  81  10:17  Marine x2  
  81  10:18  Supply Depot  
  86  10:21  Marauder  
  86  10:33  Marine  
  86  10:34  Command Center  
  87  10:42  Supply Depot  
  87  10:45  Terran Vehicle Weapons Level 1  
  87  10:46  Terran Infantry Armor Level 1  
  87  10:52  Combat Shield  
  87  10:59  Engineering Bay  
  87  11:06  Factory  
  87  11:14  Thor  
  93  11:27  Armory  
  93  11:30  SCV  
  93  11:31  SCV  
  95  11:42  SCV  
  95  11:43  SCV  
  97  11:52  Refinery  
  97  11:54  SCV  
  97  11:55  SCV  
  97  11:56  Thor  
  97  11:57  Terran Infantry Weapons Level 2  
  105  12:06  SCV  
  105  12:07  SCV  
  107  12:10  Concussive Shells  
  107  12:17  Planetary Fortress  
  107  12:23  Missile Turret  
  107  12:27  Missile Turret  
  106  12:32  Factory Tech Lab  
  106  12:39  Thor  
  106  12:43  Terran Vehicle And Ship Armor Level 1  
  106  12:44  Missile Turret  
  112  12:50  SCV  
  112  12:51  Refinery, SCV  
  114  12:55  Marauder, Marine x3  
  114  12:56  Marine  
  120  12:58  Barracks  
  120  13:03  SCV x2  
  120  13:04  Missile Turret  
  122  13:09  Thor  
  122  13:11  Barracks Reactor  
  128  13:16  Marauder  
  128  13:19  SCV  
  131  13:20  SCV  
  131  13:22  SCV  
  133  13:45  Supply Depot x2  
  133  13:47  Supply Depot  
  133  14:06  SCV x3  
  133  14:07  Marauder, Supply Depot  
  133  14:08  Supply Depot  
  138  14:10  Supply Depot  
  138  14:18  SCV  
  96  14:28  Marauder  
  96  14:31  Supply Depot  
  78  14:33  Supply Depot  
  78  14:34  Marine  
  78  14:35  Marine x5, Supply Depot  
  80  14:46  Barracks Reactor  
Show
View Real Time Build Order
Export as new Build Order

qqq Zerg 

Build Orders: Hatch First 

Get SALT Encoding   

  12  0:10  Drone x2  
  14  0:37  Hatchery  
  13  0:51  Spawning Pool  
  12  0:59  Overlord  
  13  1:04  Drone  
  13  1:08  Drone  
  13  1:11  Extractor  
  13  1:15  Drone  
  14  1:26  Drone  
  15  1:36  Overlord  
  15  1:40  Queen  
  17  1:49  Drone  
  18  1:56  Zergling x2  
  18  1:59  Zergling x2  
  20  2:05  Queen  
  22  2:11  Zergling x2  
  23  2:17  Metabolic Boost  
  23  2:22  Zergling x2  
  24  2:26  Zergling x2  
  25  2:34  Drone x2  
  27  2:44  Drone  
  27  2:45  Zergling x2  
  27  2:46  Drone  
  30  2:54  Drone  
  30  2:55  Zergling x2  
  32  2:59  Overlord  
  32  3:08  Baneling Nest  
  32  3:09  Drone  
  32  3:12  Zergling x2  
  33  3:16  Drone  
  34  3:21  Overlord  
  33  3:37  Zergling x6  
  36  3:46  Zergling x2  
  36  3:47  Drone x3  
  36  3:48  Zergling x2  
  41  4:00  Baneling  
  41  4:01  Baneling x5  
  41  4:06  Zergling x4  
  41  4:08  Drone  
  43  4:28  Zergling x6  
  43  4:29  Zergling x6  
  38  4:40  Zergling x2  
  38  4:41  Zergling x2  
  40  4:54  Drone x2  
  40  4:55  Zergling x2  
  40  4:56  Zergling x2  
  43  5:00  Baneling x3  
  43  5:02  Hatchery  
  42  5:08  Zergling x6  
  42  5:10  Drone  
  42  5:11  Zergling x2  
  47  5:16  Hatchery  
  37  5:36  Zergling x6  
  37  5:37  Zergling x6  
  41  5:53  Zergling x2  
  41  5:54  Drone  
  43  5:57  Spore Crawler  
  43  6:00  Spore Crawler  
  43  6:02  Spore Crawler  
  40  6:05  Drone  
  40  6:06  Drone, Spore Crawler  
  41  6:12  Zergling x2  
  41  6:13  Lair  
  41  6:15  Drone, Zergling x2  
  44  6:29  Drone x3, Evolution Chamber  
  44  6:30  Drone x3, Evolution Chamber  
  44  6:31  Drone x2  
  50  6:36  Queen  
  52  6:45  Zergling x4  
  52  6:46  Zergling x4  
  57  6:47  Zergling x2  
  57  6:48  Drone  
  57  6:52  Baneling x5  
  57  6:53  Baneling  
  58  6:57  Zergling x4  
  58  6:58  Zergling x2  
  58  6:59  Drone  
  62  7:05  Spore Crawler  
  62  7:07  Spore Crawler  
  60  7:15  Zerg Missile Weapons Level 1, Overlord  
  60  7:16  Hydralisk Den  
  54  7:35  Zergling x6  
  54  7:36  Drone x3, Zergling x4  
  54  7:37  Zergling x4  
  55  7:54  Hydralisk x2  
  55  7:55  Hydralisk x2  
  55  7:56  Zergling x4  
  55  7:57  Drone, Zergling x4  
  63  8:04  Drone x2  
  63  8:13  Extractor  
  63  8:14  Extractor  
  61  8:21  Drone x3  
  61  8:23  Overlord x2  
  61  8:25  Overlord x3  
  64  8:37  Muscular Augments  
  64  8:54  Drone x5  
  69  9:00  Drone x2  
  69  9:01  Drone x5  
  69  9:02  Drone x2  
  78  9:07  Hydralisk x2  
  78  9:08  Zergling x2  
  78  9:09  Zergling x6  
  86  9:12  Drone  
  87  9:26  Zerg Ground Armor Level 1, Zergling x2  
  87  9:27  Zergling x12  
  87  9:28  Drone x5  
  87  9:31  Spore Crawler  
  98  9:32  Spore Crawler  
  98  9:34  Extractor  
  98  9:36  Extractor, Drone  
  98  9:37  Drone, Hydralisk  
  99  9:49  Grooved Spines  
  99  9:50  Zerg Missile Weapons Level 2  
  99  9:56  Zergling x8  
  99  9:58  Drone  
  104  10:03  Baneling x4  
  104  10:11  Overlord x3  
  104  10:20  Centrifical Hooks  
  104  10:24  Overlord x6  
  104  10:33  Drone x6  
  104  10:34  Drone x3, Hydralisk x2  
  117  10:40  Baneling x2  
  117  10:48  Extractor  
  116  10:51  Extractor  
  116  10:52  Drone x2  
  116  10:53  Hydralisk  
  116  10:54  Hydralisk  
  116  10:55  Zergling x4  
  123  10:58  Baneling  
  123  10:59  Baneling x3  
  123  11:04  Extractor  
  122  11:16  Spore Crawler x2  
  122  11:17  Spore Crawler  
  122  11:18  Spore Crawler  
  118  11:19  Drone  
  118  11:20  Drone x3, Overlord  
  118  11:21  Hydralisk x3  
  128  11:28  Zerg Ground Armor Level 2  
  128  11:31  Hydralisk x2  
  132  11:36  Hatchery  
  132  11:37  Drone x4  
  135  11:49  Hydralisk  
  135  11:50  Hydralisk x3  
  143  12:02  Hydralisk  
  143  12:03  Hydralisk x5  
  143  12:05  Drone x2  
  143  12:06  Drone x3  
  143  12:07  Drone  
  161  12:13  Hydralisk  
  163  12:22  Hydralisk x2  
  162  12:24  Drone x3, Hatchery  
  162  12:25  Drone  
  162  12:27  Spore Crawler  
  162  12:28  Spore Crawler  
  162  12:29  Hatchery, Spore Crawler  
  162  12:30  Spore Crawler  
  162  12:32  Drone  
  162  12:35  Spore Crawler  
  161  12:38  Spore Crawler  
  161  12:40  Hydralisk x3  
  161  12:42  Drone x3, Infestation Pit  
  167  12:49  Hydralisk x2  
  171  12:54  Spore Crawler  
  171  12:55  Spore Crawler  
  171  12:56  Spore Crawler  
  168  13:08  Nydus Network  
  168  13:12  Drone x3  
  170  13:16  Spine Crawler  
  170  13:17  Drone x5  
  170  13:18  Drone  
  170  13:19  Spine Crawler  
  174  13:32  Spine Crawler x2  
  172  13:34  Hydralisk  
  172  13:35  Hydralisk x5  
  172  13:36  Spore Crawler  
  172  13:37  Spore Crawler  
  172  13:38  Drone x2  
  172  13:39  Hydralisk  
  186  13:45  Spine Crawler  
  186  13:47  Spore Crawler  
  184  13:51  Drone  
  182  14:04  Hydralisk x7  
  182  14:06  Overlord x2  
  193  14:29  Hydralisk  
  193  14:30  Hydralisk x6  
  157  14:32  Drone x4  
Tags
 
Add a new tag
Caveats
  • Supply blocks, unpowered buildings, or Contaminate may cause inaccurate times.
  • Supply counts are checked every 10 seconds.